 Dungeon Sprint DCSS version 0.32-a0-120-gfac0567ad4 (webtiles) character file.

Game seed: 6433578754101547055

1147 Ambrosia the Grappler (level 8, -2/138 HPs)
             Began as a Troll Berserker on Feb 7, 2024.
             Was a Priest of Trog.
             Slain by a deep troll (7 damage)
             ... in the Dungeon (Sprint I: "Red Sonja").
             The game lasted 00:01:57 (569 turns).

Ambrosia the Grappler (Troll Berserker)              Turns: 569, Time: 00:01:58

Health: -2/138     AC:  4    Str: 28    XL:     8   Next: 15%
Magic:  7/7        EV: 12    Int:  3    God:    Trog [***...]
Gold:   534        SH:  0    Dex:  9    Spells: 7/7 levels left

rFire   . .          .
                       - Unarmed
rCold   . . .        (no shield)
rNeg    . . .        a - +0 animal skin
rPois   .            (helmet restricted)
rElec   .            (no cloak)
rCorr   .            (gloves unavailable)
SInv    .            (boots unavailable)
Will    .....        (no amulet) Stlth
                     (no ring)
HPRegen 1.23/turn    (no ring)
MPRegen 0.10/turn

%: no teleportation
@: berserking, very quick
A: large, unfitting armour, claws 3, regeneration 1, shaggy fur 1, tough skin 1
a: Renounce Religion, Berserk, Trog's Hand


You were in the Dungeon.
You worshipped Trog.
Trog was most pleased with you.
You visited 1 branch You collected 534 gold pieces.

Inventory:

Missiles
 j - 2 curare-tipped darts (quivered)
Armour
 a - a +0 animal skin (worn)
Wands
 h - a wand of paralysis (4)
   (You took it off Ijyb in the Dungeon)
 i - a wand of roots (6)
   (You took it off Sonja in the Dungeon)
Scrolls
 g - a scroll of blinking {!r!d}
Potions
 b - a potion of curing {@q1, !d}
 c - a potion of heal wounds {@q2, !d}
 d - a potion of haste
 e - 2 potions of magic
 f - a potion of berserk rage {!q}


   Skills:
 + Level 9.2 Fighting
 + Level 9.1 Dodging
 + Level 10.8 Unarmed Combat


You had 7 spell levels left.
You didn't know any spells.
Your spell library was empty.

Dungeon Overview and Level Annotations

Branches:
Dungeon (1/1) Zot: 27000

Altars:
Cheibriados
Dithmenos
Elyvilon
Fedhas
Gozag
Hepliaklqana
Kikubaaqudgha
Makhleb
Nemelex Xobeh
Okawaru
Qazlal
Ru
Sif Muna
Trog
Uskayaw
Vehumet
Wu Jian
Xom
Yredelemnul
Zin
The Shining One
Jiyva
Lugonu

Shops:
D ?=


Innate Abilities, Weirdness & Mutations

You are too large for most types of armour.
You have claws for hands.
Your natural rate of healing is unusually fast.
You are covered in fur. (AC +1)
You have tough skin. (AC +1)


Message History

You feel sick.
There is an open door here.
You feel sick.
You take 1 damage, and have 37/80 hp.
A red film seems to cover your vision as you go berserk!
You feel yourself moving faster!
You feel mighty!
You feel sick.
You now have 57/120 hp.
The helpless Sonja fails to defend herself.
You eviscerate Sonja!!!
You kill Sonja!
Trog accepts your kill.
Trog appreciates your killing of a magic user.
You feel sick.
You are no longer poisoned.
Your Fighting skill increases to level 9!
Your Dodging skill gained 2 levels and is now at level 9!
Your Unarmed Combat skill increases to level 10!
You have reached level 8!
You regained 9 hp, and now have 66/138 hp.
MP restored: 7
i - a wand of roots (6)
Things that are here:
a +1 short sword of distortion {!w}; 3 curare-tipped darts; the kobold corpse of Sonja You regained 2 hp, and now have 68/138 hp.
You feel a strong urge to attack something.
You regained 2 hp, and now have 70/138 hp.
You start resting.
You feel your anger nearly subside.
You are no longer berserk.
You are exhausted.
You feel as though you will be slow longer.
You now have 48/92 hp.
You start resting.
Health restored: 92 You start waiting.
Unknown command.
You start waiting.
You feel yourself speed up.
Unknown command.
You start waiting.
You recover from your berserk rage.
You start waiting.
Done waiting.
You now have 453 gold pieces (gained 27).
You now have 480 gold pieces (gained 27).
Things that are here:
a +1 short sword of distortion {!w}; 3 curare-tipped darts; the kobold corpse of Sonja You now have 507 gold pieces (gained 27).
You now have 534 gold pieces (gained 27).
Things that are here:
a +1 short sword of distortion {!w}; 3 curare-tipped darts; the kobold corpse of Sonja
j - 3 curare-tipped darts
Okay, then.
You open the door.
There is an open door here.
Found Joavvas's Magic Scroll Boutique.
There is an entrance to Joavvas's Magic Scroll Boutique here.
There is an open door here.
Things that are here:
a +1 short sword of distortion {!w}; the kobold corpse of Sonja You open the door.
A deep troll comes into view.
There is an open door here.
You scratch the deep troll but do no damage.
The deep troll barely misses you. The deep troll claws you!
The deep troll claws you but does no damage.
You take 8 damage, and have 84/92 hp.
Throw: 3 darts (curare)
Press: ? - help, Q - select action, (/) - cycle Shift-Dir - straight line, f - deep troll
Aim: a deep troll (56% to hit)
You throw a curare-tipped dart.
The curare-tipped dart closely misses the deep troll.
The deep troll barely misses you. The deep troll claws you!
The deep troll claws you.
You take 19 damage, and have 65/92 hp.
MASSIVE DAMAGE!!
Aiming: Paralyse
Press: ? - help, Shift-Dir - straight line, f/p - deep troll
Aim: a deep troll (chance to affect: 31%)
Okay, then.
A red film seems to cover your vision as you go berserk!
You feel yourself moving faster!
You feel mighty! The deep troll bites you!! The deep troll claws you! x2
You now have 50/138 hp.
You closely miss the deep troll. The deep troll bites you!!
* * * LOW HITPOINT WARNING * * *
The deep troll claws you.
* * * LOW HITPOINT WARNING * * *
The deep troll claws you.
* * * LOW HITPOINT WARNING * * *
You take 29 damage, and have 21/138 hp.
MASSIVE DAMAGE!!
Attack: -) Claws
Press: ? - help, Dir - move target, f/p - deep troll
Aim: a deep troll (about 31% to evade your claws)
You mangle the deep troll!!
Attack: -) Claws
Press: ? - help, Dir - move target, f/p - deep troll
Aim: a deep troll (heavily wounded, about 31% to evade your claws)
You scratch the deep troll. The deep troll bites you!
* * * LOW HITPOINT WARNING * * *
The deep troll closely misses you. The deep troll claws you!
You die...

#..#####'#####'#__####
#..####..#...#)####
#..#__####..##.#
#..#_____##'#_.+
#⌠⌠#_.∩...'..._#
####_..__##_.#'#
#_____###'#.#
############.####+###
#∩........'.).@T$.$$+
###++++####...#######
##.## #+#


You could see a deep troll.

Vanquished Creatures
  Sonja (D)
  A slime creature (D)
  Sigmund (D)
  A yak (D)
  An ogre (D)
  A jelly (D)
  Ijyb (D)
7 creatures vanquished.

Notes
Turn   | Place    | Note
-------+----------+-------------------------------------------
     0 | D        | Ambrosia the Troll Berserker began the quest for the Orb.
     0 | D        | Reached XP level 1. HP: 22/22 MP: 0/0
    12 | D        | Noticed Ijyb
    17 | D        | Killed Ijyb
    18 | D        | Reached skill level 3 in Fighting
    18 | D        | Reached skill level 3 in Dodging
    18 | D        | Reached skill level 4 in Unarmed Combat
    18 | D        | Reached XP level 2. HP: 32/32 MP: 1/1
    59 | D        | Noticed an ogre
    61 | D        | HP: 16/48 [ogre/+0 giant club (32)]
    63 | D        | Killed an ogre
    64 | D        | Reached skill level 5 in Fighting
    64 | D        | Reached skill level 5 in Dodging
    64 | D        | Reached skill level 6 in Unarmed Combat
    64 | D        | Reached XP level 3. HP: 23/42 MP: 2/2
    64 | D        | Reached XP level 4. HP: 27/50 MP: 3/3
   121 | D        | Noticed Sigmund
   128 | D        | Killed Sigmund
   128 | D        | Reached ** piety under Trog
   129 | D        | Reached skill level 6 in Fighting
   129 | D        | Reached skill level 6 in Dodging
   129 | D        | Reached skill level 7 in Unarmed Combat
   129 | D        | Reached XP level 5. HP: 61/61 MP: 0/4
   178 | D        | Found an ornate altar of the Wu Jian Council.
   178 | D        | Found a shimmering blue altar of Sif Muna.
   180 | D        | Found a radiant altar of Vehumet.
   188 | D        | Reached skill level 8 in Unarmed Combat
   188 | D        | Reached XP level 6. HP: 68/68 MP: 5/5
   256 | D        | Found Foidus's Jewellery Emporium.
   256 | D        | Found an ancient bone altar of Kikubaaqudgha.
   256 | D        | Found a hazy altar of Hepliaklqana.
   256 | D        | Found a stormy altar of Qazlal.
   256 | D        | Found a hide-covered altar of Uskayaw.
   256 | D        | Found a blossoming altar of Fedhas.
   256 | D        | Found a bloodstained altar of Trog.
   256 | D        | Found an iron altar of Okawaru.
   256 | D        | Found a basalt altar of Yredelemnul.
   256 | D        | Found a glowing golden altar of the Shining One.
   256 | D        | Found a snail-covered altar of Cheibriados.
   256 | D        | Found a sacrificial altar of Ru.
   256 | D        | Found a glowing silver altar of Zin.
   256 | D        | Found a shadowy altar of Dithmenos.
   256 | D        | Found a white marble altar of Elyvilon.
   256 | D        | Noticed a yak
   260 | D        | Killed a yak
   261 | D        | Reached skill level 7 in Fighting
   261 | D        | Reached skill level 7 in Dodging
   261 | D        | Found an opulent altar of Gozag.
   262 | D        | Found a sparkling altar of Nemelex Xobeh.
   318 | D        | Found a burning altar of Makhleb.
   318 | D        | Found a viscous altar of Jiyva.
   318 | D        | Found a shimmering altar of Xom.
   318 | D        | Found a corrupted altar of Lugonu.
   318 | D        | Noticed a slime creature
   321 | D        | Killed a slime creature
   322 | D        | Reached skill level 8 in Fighting
   322 | D        | Reached skill level 9 in Unarmed Combat
   322 | D        | Reached XP level 7. HP: 80/80 MP: 6/6
   380 | D        | Noticed Sonja
   383 | D        | HP: 37/80 [constriction (4)]
   387 | D        | Killed Sonja
   387 | D        | Reached *** piety under Trog
   388 | D        | Reached skill level 9 in Fighting
   388 | D        | Reached skill level 9 in Dodging
   388 | D        | Reached skill level 10 in Unarmed Combat
   388 | D        | Reached XP level 8. HP: 66/92 MP: 7/7
   542 | D        | Found Joavvas's Magic Scroll Boutique.
   562 | D        | Noticed a deep troll
   566 | D        | HP: 66/138 [deep troll (10)]
   567 | D        | HP: 29/138 [deep troll (22)]
   569 | D        | HP: 5/138 [deep troll (17)]
   569 | D        | Slain by a deep troll

Illustrated notes

Levels and vault maps discovered:
D:        dungeon_sprint_1 [red_sonja_temple_1, red_sonja_temple_small_1]

Skill      XL: |  1  2  3  4  5  6  7 |
---------------+----------------------+-----
Fighting       | 3 5 6 8 9 |  9.2
Dodging        | 3 5 6 7 9 |  9.1
Unarmed Combat | 4 6 7 8 9 10 | 10.8

Action                     |  1- 3 |  4- 6 |  7- 9 || total
---------------------------+-------+-------+-------++-------
  Melee: Unarmed           |     6 |    13 |     5 ||    24
         Punch             |       |     2 |       ||     2
  Throw: Dart              |       |       |     1 ||     1
 Invoke: Berserk           |     2 |     4 |     2 ||     8
  Evoke: Wand              |       |       |     2 ||     2
   Stab: Paralysed         |       |       |     1 ||     1
 Armour: Animal skin       |     3 |     7 |    12 ||    22
  Dodge: Dodged            |       |     2 |     3 ||     5

Table legend: (Time is in decaauts)
 A = Elapsed time spent in this place.
 B = Non-inter-level travel time spent in this place.
 C = Inter-level travel time spent in this place.
 D = Time resting spent in this place.
 E = Time spent auto-exploring this place.
 F = Levels seen in this place.
 G = Mean time per level.
                   A        B        C        D        E       F      G
               +--------+--------+--------+--------+--------+-----+--------+
         Total |    637 |    637 |      0 |    419 |      0 |   1 |  637.0 |
       Dungeon |    637 |    637 |      0 |    419 |      0 |   1 |  637.0 |
               +--------+--------+--------+--------+--------+-----+--------+

Top non-repeatable levels by time:
       D: 637 daAuts

Levels and vault maps discovered:
D:        dungeon_sprint_1 [red_sonja_temple_1, red_sonja_temple_small_1]

Table legend: (Time is in decaauts)
 A = Elapsed time spent in this place.
 B = Non-inter-level travel time spent in this place.
 C = Inter-level travel time spent in this place.
 D = Time resting spent in this place.
 E = Time spent auto-exploring this place.
 F = Levels seen in this place.
 G = Mean time per level.
                   A        B        C        D        E       F      G
               +--------+--------+--------+--------+--------+-----+--------+
         Total |    637 |    637 |      0 |    419 |      0 |   1 |  637.0 |
       Dungeon |    637 |    637 |      0 |    419 |      0 |   1 |  637.0 |
               +--------+--------+--------+--------+--------+-----+--------+

Top non-repeatable levels by time:
       D: 637 daAuts

Table legend:
 A = Kills in this place as a percentage of kills in the entire game.
 B = Kills by you in this place as a percentage of kills by you in the entire game.
 C = Kills by friends in this place as a percentage of kills by friends in the entire game.
 D = Other kills in this place as a percentage of other kills in the entire game.
 E = Experience gained in this place as a percentage of experience gained in the entire game.
 F = Experience gained in this place divided by the number of levels of this place that you have seen.
                   A       B       C       D       E      F
               +-------+-------+-------+-------+-------+----------------------
         Total | 100.0 | 100.0 |   N/A |   N/A | 100.0 | 1639.0
       Dungeon | 100.0 | 100.0 |   N/A |   N/A | 100.0 | 1639.0
               +-------+-------+-------+-------+-------+----------------------
